Map: 이페머론 - 래더

Players

MaNa

  • Race: Protoss Protoss
  • Spawn Location: 5:00

Zoun - Winner!

  • Race: Protoss Protoss
  • Spawn Location: 11:00

Event: IEM Katowice 2020

VOD

Have the link to the VOD?

Description

Time

  • Played on: Feb. 24, 2020, 6:49 a.m.
  • Length: 5:21

All games in this series

Show
View Real Time Build Order
Export as new Build Order

MaNa Protoss 

Build Orders:  

Get SALT Encoding   

  12  0:00  Probe  
  13  0:12  Probe  
  14  0:19  Pylon  
  14  0:24  Probe (Chrono Boost)  
  15  0:37  Probe (Chrono Boost)  
  15  0:39  Gateway  
  16  0:45  Probe (Chrono Boost)  
  16  0:46  Assimilator  
  17  0:52  Probe  
  17  0:55  Assimilator  
  18  1:04  Probe (Chrono Boost)  
  19  1:10  Gateway  
  19  1:14  Probe (Chrono Boost)  
  20  1:19  Probe (Chrono Boost)  
  21  1:27  Cybernetics Core  
  21  1:30  Probe  
  22  1:34  Pylon  
  22  1:42  Probe  
  23  2:03  Robotics Facility  
  23  2:04  Stalker x2  
  27  2:13  Warp Gate  
  27  2:19  Pylon  
  27  2:21  Shield Battery  
  28  2:35  Stalker x2  
  31  2:48  Immortal (Chrono Boost)  
  34  3:05  Pylon  
  34  3:17  Warp Prism (Chrono Boost)  
  36  3:28  Shield Battery  
  37  3:46  Immortal  
  33  4:10  Stalker x2  
  32  4:28  Gateway, Immortal (Chrono Boost)  
  36  4:35  Sentry  
  38  4:38  Sentry  
  34  5:04  Stalker x2  
Show
View Real Time Build Order
Export as new Build Order

Zoun Protoss - Winner!

Build Orders: Phoenix Opening 

Get SALT Encoding   

  12  0:01  Probe  
  13  0:13  Probe  
  14  0:17  Pylon  
  14  0:25  Probe (Chrono Boost)  
  16  0:37  Probe (Chrono Boost)  
  16  0:38  Gateway  
  16  0:42  Probe (Chrono Boost)  
  16  0:46  Assimilator  
  17  0:52  Probe  
  17  0:54  Assimilator  
  18  1:04  Probe (Chrono Boost)  
  19  1:08  Gateway  
  19  1:13  Probe (Chrono Boost)  
  20  1:18  Probe (Chrono Boost)  
  20  1:25  Cybernetics Core  
  21  1:30  Probe  
  22  1:35  Pylon  
  22  1:42  Probe  
  23  1:54  Probe  
  24  2:01  Stalker x2  
  24  2:03  Warp Gate  
  28  2:10  Pylon  
  28  2:13  Probe  
  29  2:31  Stalker x2  
  33  2:40  Stargate  
  32  2:48  Probe  
  33  3:00  Probe  
  34  3:07  Shield Battery, Stalker  
  34  3:09  Stalker  
  38  3:17  Pylon  
  38  3:23  Phoenix (Chrono Boost)  
  39  3:33  Pylon  
  39  3:39  Phoenix  
  39  3:46  Pylon  
  39  4:05  Probe  
  39  4:09  Stalker x2  
  40  4:15  Phoenix (Chrono Boost)  
  40  4:37  Phoenix (Chrono Boost)  
  42  4:44  Stalker x2  
  44  5:04  Probe  
  43  5:09  Nexus  

Tags
 
Add a new tag
Caveats
  • Supply blocks, unpowered buildings, or Contaminate may cause inaccurate times.
  • Supply counts are checked every 10 seconds.